 Dungeon Crawl Stone Soup version 0.30-a0-715-gdb4ae3ece1 (webtiles) character file.

Game seed: 2252033940652528861

8740 Shayle the Sneak (level 10, -2/84 HPs)
             Began as a Demigod Reaver on Jan 24, 2023.
             Shot with an arrow by a deep elf archer (9 damage)
             ... in a volcano on Jan 25, 2023.
             The game lasted 00:41:00 (9431 turns).

Shayle the Sneak (Demigod Reaver)                   Turns: 9431, Time: 00:41:01

Health: -2/84      AC:  8    Str: 23    XL:     10   Next: 91%
Magic:  0/20       EV: 14    Int: 25    God:
Gold:   393        SH:  0    Dex: 16    Spells: 7/18 levels left

rFire   . . .      SeeInvis .    n - +9 sword of Zonguldrok {reap}
rCold   . . .      Faith    .    (no shield)
rNeg    . . .      Spirit   +    r - +0 ring mail
rPois   .          Reflect  .    h - +2 helmet
rElec   .          Harm     .    (no cloak)
rCorr   .          Rampage  .    (no gloves)
Will    +....                    (no boots)
Stlth   +++                      d - amulet of guardian spirit
HPRegen 0.34/turn                D - +6 ring of strength
MPRegen 0.17/turn                I - +6 ring of intelligence

@: no status effects
A: high MP 1, forlorn, divine attributes
a: no special abilities


You were in a volcano.
You visited 3 branches of the dungeon, and saw 11 of its levels.
You also visited: Sewer and Volcano.

You collected 548 gold pieces.
You spent 155 gold pieces at shops.

Inventory:

Hand Weapons
 a - a +1 spear of electrocution
 f - a +1 dagger of draining
 n - the +9 sword of Zonguldrok (weapon) {reap}
   (You found it on level 4 of the Dungeon)
Armour
 b - a +0 leather armour
 h - a +2 helmet (worn)
 r - a +0 ring mail (worn)
Magical Staves
 o - a staff of cold
Jewellery
 d - an amulet of guardian spirit (around neck)
 v - a ring of flight
 D - a +6 ring of strength (left hand)
 H - a ring of see invisible
 I - a +6 ring of intelligence (right hand)
 M - an amulet of magic regeneration
Wands
 j - a wand of flame (38)
 t - a wand of mindburst (15)
 x - a wand of iceblast (12)
 y - a wand of polymorph (17)
 F - a wand of paralysis (7)
Scrolls
 c - 3 scrolls of amnesia
 k - 2 scrolls of magic mapping
 m - 5 scrolls of noise
 q - 6 scrolls of teleportation
 s - a scroll of fog
 u - a scroll of poison
 z - 2 scrolls of silence
 J - a scroll of enchant armour
 K - a scroll of identify
Potions
 e - a potion of invisibility
 g - a potion of degeneration
 i - a potion of resistance
 l - 2 potions of haste
 p - a potion of brilliance
 A - a potion of berserk rage {unknown}
 C - a potion of mutation {unknown}
 E - 2 potions of attraction
 L - a potion of ambrosia {unknown}


   Skills:
 + Level 6.8 Fighting
 + Level 5.7 Long Blades
 - Level 3.9 Polearms
 + Level 0.5 Armour
 - Level 6.7 Dodging
 - Level 7.0 Stealth
 + Level 4.8 Spellcasting
 - Level 5.1 Conjurations
 + Level 3.7 Hexes
 + Level 4.6 Necromancy


You had 7 spell levels left.
You knew the following spells:

 Your Spells              Type           Power      Damage    Failure   Level
a - Kiss of Death         Conj/Necr      100%       2d13      1%          1
b - Hailstorm             Conj/Ice       18%        3d6       14%         3
c - Anguish               Hex/Necr       13%        N/A       24%         4
d - Summon Guardian Gole  Hex/Summ       15%        N/A       19%         3

Your spell library contained the following spells:

 Spells                   Type           Power      Damage    Failure   Level
 Momentum Strike          Conj/Tloc      36%        3d9       7%          2
 Tukima's Dance           Hex            24%        N/A       9%          3
 Ensorcelled Hibernation  Hex/Ice        30%        N/A       10%         2
 Summon Small Mammal      Summ           24%        N/A       14%         1
 Portal Projectile        Hex/Tloc       30%        N/A       19%         3
 Call Canine Familiar     Summ           6%         N/A       38%         3
 Spider Form              Tmut/Pois      6%         N/A       38%         3
 Leda's Liquefaction      Hex/Erth       7%         N/A       54%         4
 Blade Hands              Tmut           3%         N/A       98%         5
 Lee's Rapid Deconstruct  Erth           3%         3d5*      98%         5
 Statue Form              Tmut/Erth      4%         N/A       100%        6


Dungeon Overview and Level Annotations

Branches:
Dungeon (9/15)             Temple (1/1) D:5            Lair (1/5) D:8
  Sewer (visited)         Volcano (1/1)
    Orc: D:9-12

Shops:
D:3 =   D:6 *   D:7 :[*=   D:9 *

Annotations:
D:8 3 runed translucent doors, sirJeffrey23's ghost, novice TeCj


Innate Abilities, Weirdness & Mutations

You have an increased reservoir of magic. (+10% MP)
You shall have no god before yourself.
Your divine heritage dramatically boosts your attributes as you level up.


Message History

The deep elf archer repels the hail!
Your deep elf pyromancer zombie hits your deep elf pyromancer zombie.
The deep elf archer shoots an arrow.
The arrow hits your deep elf pyromancer zombie!
The arrow burns your deep elf pyromancer zombie.
Okay, then.
What are your orders? t - Shout!
Orders for allies: a - Attack new target. r - Retreat! s - Stop attacking. g - Guard the area. f - Follow me.
Anything else - Cancel.
Gang up on whom?
Press: ? - help, Dir - move target, f - deep elf archer
Aim: a deep elf archer, wielding a +2 shortbow of flaming (moderately wounded, repelling missiles, ally target) Attack!
Your deep elf pyromancer zombie closely misses the deep elf archer.
The deep elf archer unwields a +2 shortbow of flaming.
It stops flaming.
The deep elf archer completely misses your deep elf pyromancer zombie.
Your deep elf pyromancer zombie hits the deep elf archer.
Unknown command.
The deep elf archer wields a +2 shortbow of flaming.
It bursts into flame!
The deep elf archer shoots an arrow.
The arrow hits your deep elf pyromancer zombie!!
The arrow burns your deep elf pyromancer zombie.
Your deep elf pyromancer zombie hits the deep elf archer.
Your deep elf pyromancer zombie hits itself.
The deep elf archer shoots an arrow.
The arrow hits your deep elf pyromancer zombie.
The arrow burns your deep elf pyromancer zombie.
You swap places.
The deep elf archer gestures wildly while chanting.
The deep elf archer blinks!
Your deep elf pyromancer zombie hits your deep elf pyromancer zombie.
Your deep elf pyromancer zombie hits the deep elf archer.
The deep elf archer shoots an arrow.
The arrow hits you!!
* * * LOW HITPOINT WARNING * * *
The arrow burns you!
You die...

##≈≈#...#......#≈≈##
#≈≈##).##'####'##≈§#
##≈§#...#.÷..#...#§≈##
#≈≈##'###...##...##§≈#
##≈≈#.).#....'..≈..#§≈##
#≈≈##.≈.#).)##.....##≈≈#
#≈≈#.÷..'...#.......#§§#
#§#################'##≈#
+....@.Z..#§#
+.....Ze..#≈#
########### #


You could see a deep elf archer (repels missiles, ally target) and 2 friendly
deep elf pyromancer zombies.

Vanquished Creatures
  2 deep elf pyromancers (Volcano)
  A black mamba (Lair:1)
  A rime drake (Lair:1)
  A hornet (D:8)
  4 yaks (Lair:1)
  3 fire elementals (Volcano)
  2 humans (D:8)
  2 acid dragons (D:9)
  2 water moccasins
  6 hell hounds (Volcano)
  2 orc warriors
  A black bear (D:6)
  2 hornet zombies (D:8)
  An ice beast (D:7)
  2 sky beasts
  2 centaurs
  4 wolves (Lair:1)
  A phantom (D:6)
  A necrophage (D:5)
  4 bullfrogs
  2 scorpions
  3 killer bees (D:7)
  2 vampire bats (D:8)
  A quasit (D:5)
  2 jellies
  5 hounds
  8 orc priests
  4 iguanas
  5 orc wizards
  A hell rat (Sewer)
  5 gnolls
  6 adders
  5 river rats
  3 shadow imps (D:5)
  A white imp (D:5)
  4 ufetubi (D:5)
  4 worms
  2 dart slugs
  20 orcs
  11 bats
  6 endoplasms
  2 giant cockroaches
  3 goblins
  A hobgoblin (D:4)
  3 quokkas
  8 ball pythons
  4 frilled lizards
  8 kobolds
  20 rats
193 creatures vanquished.

Vanquished Creatures (collateral kills)
  A deep elf pyromancer (Volcano)
  2 hornets
  A steam dragon (D:8)
  A fire elemental (Volcano)
  A basilisk (Lair:1)
  A hell hound (Volcano)
  An ogre (D:6)
  A phantom (D:7)
  An orc priest (D:7)
  An iguana (D:5)
  A gnoll (D:6)
  14 orcs
26 creatures vanquished.

Vanquished Creatures (others)
  2 deep elf pyromancers (Volcano)
  An elf zombie (Volcano)
  4 hell hound zombies (Volcano)
  2 water moccasin zombies
  A yak zombie (Lair:1)
  2 wolf zombies (Lair:1)
  2 centaur zombies
  A bullfrog zombie (D:8)
  A killer bee zombie (D:7)
  A sky beast zombie (D:8)
  A hound zombie (D:5)
  A steam dragon zombie (D:8)
  An adder zombie (D:6)
  An iguana zombie (D:5)
  13 orc zombies
  5 bat zombies (D:8)
  A quokka zombie (D:5)
  3 demonic plants (D:5)
  2 fungi (Lair:1)
  3 plants (Lair:1)
48 creatures vanquished.

Grand Total: 267 creatures vanquished

Notes
Turn   | Place    | Note
-------+----------+-------------------------------------------
     0 | D:1      | Shayle the Demigod Reaver began the quest for the Orb.
     0 | D:1      | Reached XP level 1. HP: 17/17 MP: 5/5
   311 | D:1      | Reached XP level 2. HP: 24/24 MP: 7/7
   558 | D:2      | Reached skill level 1 in Stealth
   660 | D:2      | Reached XP level 3. HP: 21/29 MP: 6/8
  1358 | D:3      | Found Kaiq's Jewellery Shoppe.
  1796 | D:2      | Reached XP level 4. HP: 24/37 MP: 5/9
  1843 | D:3      | Reached skill level 2 in Stealth
  2677 | D:4      | Reached XP level 5. HP: 44/44 MP: 10/10
  2760 | D:4      | Found a glowing drain.
  2764 | Sewer    | Entered a sewer
  3154 | D:4      | Learned a level 3 spell: Hailstorm
  3534 | D:4      | Noticed a shadow
  3536 | D:4      | Found the +9 sword of Zonguldrok {reap}
  3689 | D:5      | Entered Level 5 of the Dungeon
  3693 | D:5      | Reached XP level 6. HP: 51/51 MP: 11/11
  3739 | D:5      | Reached skill level 3 in Stealth
  3847 | D:5      | Reached skill level 1 in Long Blades
  3921 | D:5      | Reached XP level 7. HP: 21/58 MP: 6/12
  4144 | D:5      | Found a staircase to the Ecumenical Temple.
  4154 | Temple   | Entered the Ecumenical Temple
  4425 | D:5      | Reached skill level 4 in Stealth
  4882 | D:6      | Found Iczungaz's Assorted Antiques.
  4891 | D:6      | Bought a glass ring for 155 gold pieces
  5035 | D:6      | Reached XP level 8. HP: 62/67 MP: 11/13
  5495 | D:7      | Found Optaigabb's Jewellery Boutique.
  5526 | D:7      | Found Guic's General Store.
  5614 | D:7      | Reached skill level 5 in Dodging
  5614 | D:7      | Reached skill level 1 in Necromancy
  5628 | D:7      | Noticed a hornet
  5640 | D:7      | Paralysed by a hornet for 3 turns
  5640 | D:7      | Killed a hornet
  5641 | D:7      | Reached skill level 5 in Fighting
  5641 | D:7      | Reached skill level 5 in Stealth
  5701 | D:7      | Found Tapraeh's Armour Shop.
  6019 | D:7      | Found Ruxar's Book Emporium.
  6328 | D:8      | Found a staircase to the Lair.
  6340 | D:8      | Reached XP level 9. HP: 73/74 MP: 16/16
  6409 | D:8      | Paralysed by a hornet for 1 turns
  6411 | D:8      | Reached skill level 5 in Conjurations
  6631 | D:8      | Learned a level 4 spell: Anguish
  6687 | D:8      | Paralysed by a hornet for 1 turns
  6689 | D:8      | Reached skill level 1 in Hexes
  7192 | D:8      | Found a runed translucent gate.
  7192 | D:8      | Found a runed translucent gate.
  7192 | D:8      | Found a runed translucent gate.
  7192 | D:8      | Noticed sirJeffrey23's ghost (novice TeCj)
  7778 | D:9      | Reached skill level 6 in Stealth
  7822 | D:9      | Found Caneommi's Assorted Antiques.
  8283 | Lair:1   | Entered Level 1 of the Lair of Beasts
  8318 | Lair:1   | Reached XP level 10. HP: 54/83 MP: 12/19
  8442 | Lair:1   | Noticed a black mamba
  8480 | Lair:1   | Reached skill level 5 in Long Blades
  8514 | Lair:1   | Killed a black mamba
  8596 | Lair:1   | Found a dark tunnel.
  8625 | Volcano  | Entered a volcano
  8710 | Volcano  | Noticed a deep elf pyromancer
  8713 | Volcano  | Noticed a deep elf pyromancer
  8718 | Volcano  | Killed a deep elf pyromancer
  8913 | Volcano  | Learned a level 3 spell: Summon Guardian Golem
  8919 | Volcano  | Killed a deep elf pyromancer
  9046 | Volcano  | Noticed a deep elf pyromancer
  9050 | Volcano  | Noticed a deep elf pyromancer
  9055 | Volcano  | Noticed a deep elf pyromancer
  9087 | Volcano  | Killed a deep elf pyromancer
  9305 | Volcano  | Killed a deep elf pyromancer
  9306 | Volcano  | Reached skill level 7 in Stealth
  9321 | Volcano  | Killed a deep elf pyromancer
  9405 | Volcano  | Noticed a deep elf archer
  9431 | Volcano  | Shot with an arrow by a deep elf archer

Illustrated notes

Levels and vault maps discovered:
D:1:      minmay_arrival_semitransparent, layout_rooms,
          chequers_ecumenical_altar_simple
D:2:      layout_basic, basic_altar, minmay_domino_2
D:3:      layout_basic, serial_shops, shop_fountains, minmay_misc_feat_room
D:4:      layout_cave_pools, riverfiend_overflow_shadow_ancestor,
          makhleb_blood_cavern_becter, fedhas_ov_isle_minmay,
          lightli_sewer_entry_pipes, chequers_serial_rivers_large_b,
          nicolae_concentric_dashed_squares_wild, hangedman_abyss_or_decor_slice
D:5:      layout_loops_ring, lemuel_doored_altar,
          minmay_temple_entry_proselytizer, serial_demonic, serial_demonic_a,
          serial_demonic_f, serial_demonic_d, serial_demonic_c
D:6:      layout_rooms, mainiacjoe_overflow_concentric_impassable, serial_shops,
          nicolae_stop_n_shop_1, minmay_misc_feat_secret_circle,
          corexii_item_surrounded_by_moat
D:7:      layout_cave_pools, cheibrodos_ashenzari_chains, serial_shops, shop,
          shop, nicolae_stop_n_shop_2, shop, minmay_misc_feat_plants
D:8:      layout_loops_ring, nicolae_yredelemnul_ghost_church,
          nemelex_xobeh_ov_fountains_minmay, nicolae_ru_sacrificial_ziggurat,
          okawaru_humans, trog_three_pillars_becter, roderic_batcave
D:9:      layout_basic, tso_oasis_becter, serial_shops, shop
Temple:   hellmonk_temple_micro_hex
Lair:1:   layout_loops_ring, enter_volcano_1, grunt_megastairs_5,
          serial_bayou_shore_b
Volcano:  hellmonk_pyromancer_palace

Skill      XL: |  1  2  3  4  5  6  7  8  9 10 |
---------------+-------------------------------+-----
Dodging        | 2 3 4 5 6 |  6.7
Fighting       | 2 3 4 5 6 |  6.8
Stealth        | 1 2 3 4 5 6 7 |  7.0
Polearms       | 3 |  3.9
Long Blades    | 1 2 3 4 5 |  5.7
Conjurations   | 3 4 5 |  5.1
Spellcasting   | 2 3 4 |  4.8
Necromancy     | 1 3 4 |  4.6
Hexes          | 2 3 |  3.7
Armour         | |  0.5

Action                     |  1- 3 |  4- 6 |  7- 9 | 10-12 || total
---------------------------+-------+-------+-------+-------++-------
  Melee: Spear             |    17 |       |       |       ||    17
         Dagger            |   146 |   151 |       |       ||   297
         Double sword      |       |    32 |   221 |    78 ||   331
         Punch             |       |     1 |     2 |       ||     3
   Cast: Kiss of Death     |       |     1 |       |       ||     1
         Hailstorm         |       |       |       |     7 ||     7
         Summon Guardian G |       |       |       |     2 ||     2
  Evoke: Wand              |     1 |     1 |     9 |     6 ||    17
    Use: Scroll            |     5 |    12 |     9 |     5 ||    31
         Potion            |       |       |     1 |    13 ||    14
   Stab: Sleeping          |     2 |     1 |     3 |       ||     6
         Distracted        |       |       |     7 |       ||     7
         Invisible         |       |       |       |     1 ||     1
 Armour: Leather armour    |    20 |       |       |       ||    20
         Ring mail         |    26 |    70 |   100 |    36 ||   232
         Skin              |       |       |       |    56 ||    56
  Dodge: Dodged            |   102 |   123 |   201 |    91 ||   517

Table legend: (Time is in decaauts)
 A = Elapsed time spent in this place.
 B = Non-inter-level travel time spent in this place.
 C = Inter-level travel time spent in this place.
 D = Time resting spent in this place.
 E = Time spent auto-exploring this place.
 F = Levels seen in this place.
 G = Mean time per level.
                   A        B        C        D        E       F      G
               +--------+--------+--------+--------+--------+-----+--------+
         Total |   9616 |   9258 |    358 |   1535 |   4989 |  13 |  739.7 |
       Dungeon |   8201 |   7843 |    358 |    756 |   4863 |   9 |  911.2 |
        Temple |      1 |      1 |      0 |      0 |      0 |   1 |    1.0 |
          Lair |    356 |    356 |      0 |     78 |    118 |   1 |  356.0 |
         Sewer |    242 |    242 |      0 |    105 |      8 |   1 |  242.0 |
       Volcano |    814 |    814 |      0 |    596 |      0 |   1 |  814.0 |
               +--------+--------+--------+--------+--------+-----+--------+

Top non-repeatable levels by time:
     D:8: 1497 daAuts
     D:5: 1223 daAuts
     D:4: 1038 daAuts
     D:3: 1025 daAuts
     D:2: 904 daAuts
 Volcano: 814 daAuts
     D:7: 707 daAuts
     D:9: 627 daAuts
     D:6: 625 daAuts
     D:1: 553 daAuts
  Lair:1: 356 daAuts
   Sewer: 242 daAuts
  Temple: 1 daAuts
